[ AOE2 MATCH · #507993473 ]
UnrankedTeutons vs Burgundians
Player's team · LOSS
[ REPLAY ANALYSIS · EXTRACTED FROM THE RECORDED GAME ]
Feudal
8:36
Castle
—
Imperial
—
| APM avg | 45.9 |
| APM peak | 68 |
| eAPM avg | 19.5 |
| Villagers / military | 20 / 0 |
Focus
⚔️ 37.4% · 🌾 62.6%
Feudal
9:47
Castle
—
Imperial
—
| APM avg | 65.4 |
| APM peak | 91 |
| eAPM avg | 30.2 |
| Villagers / military | 17 / 3 |
Focus
⚔️ 39.5% · 🌾 60.5%
Militia ×3
Match map
Initial resources + every placement click. Lines = walls · curves = elevation contours. ◆ gold · ⬟ stone · ● berries · ✦ relic · ◌ wall gap
Your base
No more T1LT's base
Smoothed initial terrain · ◌ = detected wall gap · hover for details
Inputs per minute
— noah23 - - No more T1LT
Build order — noah23
41 actions detected in the replay
| 0:00 | Queue | Villager (Male) |
| 0:00 | Queue | Villager (Male) |
| 0:01 | Queue | Villager (Male) |
| 0:02 | Build | House |
| 0:04 | Build | House |
| 0:06 | Queue | Villager (Male) |
| 1:23 | Queue | Villager (Male) |
| 1:23 | Queue | Villager (Male) |
| 1:48 | Queue | Villager (Male) |
| 2:40 | Queue | Villager (Male) |
| 2:41 | Queue | Villager (Male) |
| 3:00 | Queue | Villager (Male) |
| 3:20 | Queue | Villager (Male) |
| 3:21 | Build | House |
| 3:53 | Queue | Villager (Male) |
| 3:54 | Queue | Villager (Male) |
| 3:58 | Queue | Villager (Male) |
| 4:25 | Queue | Villager (Male) |
| 4:27 | Build | Palisade Wall |
| 4:37 | Build | Lumber Camp |
| 4:51 | Queue | Villager (Male) |
| 4:51 | Queue | Villager (Male) |
| 5:15 | Build | Mining Camp |
| 6:00 | Queue | Villager (Male) |
| 6:26 | Research | Feudal Age |
| 6:26 | Research | Feudal Age |
| 7:07 | Build | House |
| 7:19 | Queue | Villager (Male) |
| 7:47 | Research | Loom |
| 7:54 | Queue | Villager (Male) |
| 8:36 | Age | Feudal Age |
| 8:41 | Research | Double-Bit Axe |
| 8:48 | Build | Watch Tower |
| 8:50 | Build | House |
| 8:51 | Build | House |
| 8:56 | Build | Palisade Wall |
| 9:00 | Build | Palisade Wall |
| 9:01 | Build | Palisade Wall |
| 9:06 | Build | Palisade Wall |
| 9:31 | Build | House |
| 9:38 | Build | Palisade Wall |
Build order — No more T1LT
33 actions detected in the replay
| 0:00 | Queue | Villager (Male) |
| 0:00 | Queue | Villager (Male) |
| 0:00 | Queue | Villager (Male) |
| 0:01 | Build | House |
| 0:02 | Build | House |
| 0:03 | Queue | Villager (Male) |
| 1:23 | Queue | Villager (Male) |
| 1:35 | Queue | Villager (Male) |
| 2:19 | Build | Lumber Camp |
| 2:25 | Queue | Villager (Male) |
| 2:43 | Queue | Villager (Male) |
| 3:02 | Queue | Villager (Male) |
| 3:34 | Queue | Villager (Male) |
| 3:48 | Research | Double-Bit Axe |
| 3:48 | Research | Double-Bit Axe |
| 3:52 | Build | House |
| 4:15 | Queue | Villager (Male) |
| 4:29 | Queue | Villager (Male) |
| 4:31 | Queue | Villager (Male) |
| 4:58 | Queue | Villager (Male) |
| 5:27 | Queue | Villager (Male) |
| 5:33 | Queue | Villager (Male) |
| 5:58 | Build | House |
| 6:39 | Research | Loom |
| 6:41 | Build | Barracks |
| 6:45 | Queue | Villager (Male) |
| 7:37 | Research | Feudal Age |
| 7:55 | Build | Mining Camp |
| 8:01 | Build | House |
| 8:13 | Queue | Militia |
| 8:13 | Queue | Militia |
| 9:05 | Queue | Militia |
| 9:47 | Age | Feudal Age |
Match timeline
| 4:27 | noah23 · wall_segment Palisade Wall x1 |
| 6:41 | No more T1LT · first_building Barracks |
| 8:36 | noah23 · age_up feudal |
| 8:56 | noah23 · wall_segment Palisade Wall x1 |
| 9:00 | noah23 · wall_segment Palisade Wall x1 |
| 9:01 | noah23 · wall_segment Palisade Wall x1 |
| 9:06 | noah23 · wall_segment Palisade Wall x1 |
| 9:38 | noah23 · wall_segment Palisade Wall x1 |
| 9:47 | No more T1LT · age_up feudal |
| 10:01 | noah23 · resign |
[ AI ANALYSIS · 1 CREDIT ]
What really happened in this match?
Wolo.gg analyzes every decision: build order, eco, micro, common mistakes by bracket. Personalized analysis on WhatsApp or Discord in 30 seconds.
Civ guide
Teutons
Perfil
Jugador #5646670